 Dungeon Crawl Stone Soup version 0.29.1-1-gd02db6906a (webtiles) character file.

Game seed: 339123954756042646

64 Earthwalker the Covered (level 4, -1/37 HPs)
             Began as a Barachi Fighter on Oct 22, 2022.
             Slain by a ball python (2 damage)
             ... on level 2 of the Dungeon.
             The game lasted 00:02:32 (1484 turns).

Earthwalker the Covered (Barachi Fighter)           Turns: 1484, Time: 00:02:33

Health: -1/37      AC:  7    Str: 20    XL:     4   Next: 12%
Magic:  4/4        EV:  6    Int:  8    God:
Gold:   35         SH:  4    Dex: 11    Spells: 3/3 levels left

rFire   + . .      SeeInvis .   a - +0 war axe
rCold   x . .      Faith    .   c - +0 buckler
rNeg    . . .      Spirit   .   b - +0 scale mail
rPois   .          Reflect  .   (no helmet)
rElec   .          Harm     .   (no cloak)
rCorr   .          Rampage  .   (no gloves)
Will    +....                   (no boots)
Stlth   ..........              (no amulet)
HPRegen 0.12/turn               o - ring of willpower
MPRegen 0.09/turn               g - ring of fire

@: constricted, slow
A: amphibious, slowness 1, strong legs 1, +LOS
a: Hop


You were on level 2 of the Dungeon.
You visited 1 branch of the dungeon, and saw 2 of its levels.

You collected 35 gold pieces.

Inventory:

Hand Weapons
 a - a +0 war axe (weapon)
Missiles
 i - 5 boomerangs
Armour
 b - a +0 scale mail (worn)
 c - a +0 buckler (worn)
Jewellery
 g - a ring of fire (right hand)
 o - a ring of willpower (left hand)
Scrolls
 e - 3 scrolls of identify {unknown}
 f - a scroll of vulnerability {unknown}
 h - a scroll of silence {unknown}
 j - 2 scrolls of blinking {unknown}
 m - a scroll of enchant armour {unknown}
 n - a scroll of immolation {unknown}
Potions
 d - a potion of might
 k - a potion of resistance {unknown}
 l - a potion of heal wounds {unknown}
 p - a potion of attraction {unknown}


   Skills:
 * Level 4.1 Fighting
 * Level 2.8 Axes
 * Level 4.4 Armour
 + Level 1.0 Dodging
 * Level 3.8 Shields


You had 3 spell levels left.
You didn't know any spells.
Your spell library contained the following spells:

 Spells                   Type           Power      Damage    Failure   Level
 Conjure Flame            Conj/Fire      0%         6-21      99%         3
 Ignite Poison            Fire/Tmut/Pois 0%         N/A       99%         3
 Sticky Flame             Conj/Fire      0%         2d3       100%        4


Dungeon Overview and Level Annotations

Branches:
Dungeon (2/15)

Altars:


Innate Abilities, Weirdness & Mutations

You are amphibious.
You cover ground slowly.
You can hop short distances.
You have an extended range of vision and can be seen from far away.


Message History

You hit the ball python.
The ball python is heavily wounded.
You hit the goblin.
You kill the goblin!
You barely miss the quokka. The ball python barely misses you.
The ball python constricts you. The quokka bites you.
* * * LOW HITPOINT WARNING * * *
The ball python bites you but does no damage.
The ball python constricts you.
You barely miss the ball python.
The ball python is heavily wounded.
You hit the quokka but do no damage. The quokka barely misses you.
You block the ball python's attack. The ball python constricts you.
* * * LOW HITPOINT WARNING * * *
The quokka barely misses you.
Unknown command.
You closely miss the ball python.
The ball python is heavily wounded.
You closely miss the quokka. The ball python barely misses you.
The ball python constricts you.
The quokka bites you but does no damage.
You block the ball python's attack. The ball python constricts you.
You hit the ball python.
The ball python is severely wounded.
You closely miss the quokka. The quokka barely misses you.
The ball python barely misses you. The ball python constricts you.
The quokka barely misses you.
You barely miss the ball python.
The ball python is severely wounded.
You miss the quokka. The ball python bites you.
* * * LOW HITPOINT WARNING * * *
The ball python constricts you. The quokka bites you.
* * * LOW HITPOINT WARNING * * *
The ball python bites you but does no damage.
The ball python constricts you.
The quokka bites you but does no damage.
You closely miss the ball python.
The ball python is severely wounded.
You hit the quokka but do no damage. The ball python bites you.
You die...

#........# #.#
#........ #.#
#....... #.#
########......
#.#
.............
#.#
.............#
#.#
.............#
#.#
.........)S..#
########'##
.........r@..#
#..........
.............#
#..........
.............#
#..........
.....?.......#
#..........
.............#
#..........
............^#
#..........
#########'####
#..........
#.#
#..........
########.#
###########


You could see a quokka and a ball python.

Vanquished Creatures
  3 adders (D:2)
  A dart slug (D:1)
  4 ball pythons
  4 endoplasms
  7 goblins
  3 hobgoblins
  2 kobolds (D:1)
  A quokka (D:2)
  2 bats (D:2)
  2 frilled lizards (D:1)
  6 rats
35 creatures vanquished.

Notes
Turn   | Place    | Note
-------+----------+-------------------------------------------
     0 | D:1      | Earthwalker the Barachi Fighter began the quest for the
                  | Orb.
     0 | D:1      | Reached XP level 1. HP: 18/18 MP: 1/1
   124 | D:1      | Reached XP level 2. HP: 25/25 MP: 2/2
   547 | D:2      | Reached XP level 3. HP: 24/30 MP: 3/3
  1401 | D:2      | Reached XP level 4. HP: 37/37 MP: 4/4
  1466 | D:2      | Reached skill level 1 in Dodging
  1483 | D:2      | HP: 1/37 [quokka (2)]
  1484 | D:2      | Slain by a ball python

Illustrated notes

Levels and vault maps discovered:
D:1:      wander_arrival_abandoned_jail, layout_rooms
D:2:      layout_basic

Skill      XL: |  1  2  3  4 |
---------------+-------------+-----
Armour         | 4 |  4.4
Fighting       | 4 |  4.1
Dodging        | 1 |  1.0
Axes           | |  2.8
Shields        | |  3.8

Action                   |  1- 3 |  4- 6 || total
-------------------------+-------+-------++-------
Melee: War axe           |    86 |    22 ||   108
Armor: Scale mail        |    45 |    10 ||    55
Dodge: Dodged            |    39 |    18 ||    57
Block: Buckler           |    20 |    13 ||    33
